 Dungeon Crawl Stone Soup version 0.25-a0-890-g62861fb195 (webtiles) character file.

Game seed: 11731913871173633745, levelgen mode: deterministic

7007 EnegeticOcto the Carver (level 11, -18/77 HPs)
             Began as an Octopode Fighter on May 2, 2020.
             Was the Champion of Ru.
             Demolished by a two-headed ogre
             ... wielding a +0 giant club
              (21 damage)
             ... on level 9 of the Dungeon.
             The game lasted 00:07:23 (10316 turns).

EnegeticOcto the Carver (Octopode Fighter)         Turns: 10316, Time: 00:07:24

Health: -18/77     AC:  1    Str: 16    XL:     11   Next: 8%
Magic:  11/11      EV: 13    Int: 13    God:    Ru [******]
Gold:   528        SH: 13    Dex: 14    Spells: 10/10 levels left

rFire    x . .     SeeInvis .   p - +1 long sword (elec)
rCold    . . .     Gourm    .   r - +2 kite shield
rNeg     . . .     Faith    .   (helmet restricted)
rPois    .         Spirit   .   (no amulet)
rElec    +         Reflect  .   h - ring of stealth
rCorr    .         Harm     .   a - ring of New Discoveries {+Inv rElec rC+ Int+2, =R}
MR       .....                  (no ring)
Stlth    ++++......             (no ring)
HPRegen  0.22/turn              (no ring)
MPRegen  0.12/turn              (no ring)
                                (no ring)
                                (no ring)

@: no status effects
A: almost no armour, stealthy swim, amphibious, 8 rings, constrict 8, camouflage
1, gelatinous body 1, inability to use devices, unskilled 1, temperature
sensitive
a: Draw Out Power, Power Leap, Apocalypse, Renounce Religion


You were on level 9 of the Dungeon.
You worshipped Ru.
Ru was exalted by your worship.
You were not hungry.

You visited 1 branch of the dungeon, and saw 9 of its levels.

You collected 528 gold pieces.

Inventory:

Hand Weapons
 p - a +1 long sword of electrocution (weapon)
Missiles
 n - 2 throwing nets (quivered)
Armour
 r - a +2 kite shield (worn)
Jewellery
 a - the ring of New Discoveries (right tentacle) {+Inv rElec rC+ Int+2, =R}
   (You acquired it on level 7 of the Dungeon)

   [ring of protection from cold]

   It affects your intelligence (+2).
   It protects you from cold.
   It insulates you from electricity.
   It lets you turn invisible.
 h - a ring of stealth (left tentacle)
Scrolls
 b - a scroll of remove curse {@r6}
 d - 2 scrolls of blinking {@r3}
 f - 3 scrolls of immolation {@r4}
 j - 4 scrolls of teleportation {@r2}
 o - a scroll of magic mapping {@r5}
 q - a scroll of identify {@r1}
Potions
 c - a potion of curing {@q1}
 g - a potion of heal wounds {@q2}
 i - 2 potions of lignification {@q7}
 k - a potion of might {@q3}
 m - a potion of resistance {@q6}
Comestibles
 e - 23 rations
 l - a chunk of flesh


   Skills:
 + Level 8.1 Fighting
 * Level 10.8 Long Blades
 + Level 3.1 Dodging
 + Level 1.5 Stealth
 + Level 8.1 Shields


You had 10 spell levels left.
You didn't know any spells.
Your spell library contained the following spells:

 Spells                   Type           Power        Failure   Level  Hunger
 Magic Dart               Conj           #...         58%         1    ##.....
 Blink                    Tloc           N/A          75%         2    ###....
 Call Imp                 Summ           #.......     75%         2    ###....
 Slow                     Hex            #.......     75%         2    ###....
 Conjure Flame            Conj/Fire      #.......     92%         3    ####...
 Mephitic Cloud           Conj/Pois/Air  #.......     92%         3    ####...
 Bolt of Magma            Conj/Fire/Erth #.........   100%        5    ######.
 Iskenderun's Battlesphe  Conj/Chrm      #.......     100%        5    ######.
 Iron Shot                Conj/Erth      #.........   100%        6    #######
 Orb of Destruction       Conj           #.........   100%        7    #######
 Spellforged Servitor     Conj/Summ      #.........   100%        7    #######


Dungeon Overview and Level Annotations

Branches:
Dungeon (9/15)             Temple (0/1) D:7            Lair (0/6) D:8
    Orc: D:9-12

Altars:
Ashenzari
Cheibriados
Dithmenos
Gozag
Hepliaklqana
Makhleb
Ru
Sif Muna
Trog
Vehumet
Xom

Annotations:
D:3 1 runed translucent door, tevior's ghost, amateur DEAE
D:9 1 transporter, Sioqy's ghost, novice NaEn


Innate Abilities, Weirdness & Mutations

You cannot wear most types of armour.
You are very stealthy in the water. (Stealth+)
You are amphibious.
You can wear up to eight rings at the same time.
You can use your tentacles to constrict eight enemies at once.
Your skin changes colour to match your surroundings (Stealth+).
Your rubbery body absorbs attacks. (AC +1, EV +1)
You cannot study or use magical devices.
You are somewhat unskilled. (-1 Apt)
You are sensitive to extremes of temperature. (rF-, rC-)


Message History

Some of the chunks of flesh in your inventory have rotted away.
A crimson imp comes into view.
A crimson imp is nearby!
A crimson imp is nearby!
You are a level 11 Octopode Fighter.
You are 4% of the way to level 12.
Play time: 00:07:21 (10135 turns)
Found 5 gold pieces.
The crimson imp shouts!
Found 15 gold pieces.
You hit the crimson imp. You grab the crimson imp.
The crimson imp is lightly wounded.
You constrict the crimson imp.
The crimson imp begins to attack, but is stunned by your will!
You slash the crimson imp!
You kill the crimson imp!
No target in view!
No target in view!
You now have 513 gold pieces (gained 5).
You now have 528 gold pieces (gained 15).
A bullfrog comes into view.
A bullfrog is nearby!
A bullfrog is nearby!
The helpless bullfrog fails to defend itself.
You hit the bullfrog. Your grab misses the bullfrog.
The bullfrog is moderately wounded.
The bullfrog hits you!
You focus your will and blind the bullfrog in retribution!
You closely miss the bullfrog. Your grab misses the bullfrog.
Your squeeze misses the bullfrog.
The bullfrog is moderately wounded.
The bullfrog closely misses you. The bullfrog hits you.
You slash the bullfrog! You grab the bullfrog.
The bullfrog is almost dead.
You constrict the bullfrog.
You kill the bullfrog!
No target in view!
No target in view!
No target in view!
All of the chunks of flesh in your inventory have rotted away.
You butcher the bullfrog corpse.
l - a chunk of flesh You see here a bullfrog skeleton. x2
You open the door.
There is an open door here.
You open the door.
There is an open door here.
There is an open door here.
There is an open door here.
You see here a bullfrog skeleton.
You open the door.
There is an open door here.
A yak comes into view.
The yak moves out of view.
A yak comes into view. 2 yaks come into view.
The yak moves out of view. 2 yaks come into view.
The yak bellows! x2
A two-headed ogre comes into view.
It is wielding a +0 giant club and a +0 giant spiked club.
Sioqy's ghost turns its malevolent gaze towards you.
The yak bellows!
You slash the yak!
The yak is moderately wounded.
You block the yak's attack.
You hit the yak.
The yak is moderately wounded.
The two-headed ogre misses you. You block the two-headed ogre's attack.
You block the yak's attack. The yak closely misses you.
You slash the yak!
The yak is heavily wounded.
The two-headed ogre completely misses you.
You riposte.
The hippogriff screeches!
You hit the two-headed ogre.
Lightning courses through the two-headed ogre!
The two-headed ogre is moderately wounded.
You block the two-headed ogre's attack. The yak barely misses you.
You hit the yak. Lightning courses through the yak!!
You kill the yak!
The yak gores you! You block the yak's attack. The yak barely misses you.
You riposte.
The wyvern hisses angrily.
You slash the yak!
The yak is moderately wounded.
You hit the two-headed ogre.
Lightning courses through the two-headed ogre!
The two-headed ogre is heavily wounded.
The yak gores you! You block the two-headed ogre's attack.
The two-headed ogre closely misses you. You block the yak's attack.
The yak barely misses you.
You hit the two-headed ogre.
The two-headed ogre is heavily wounded.
The yak gores you! The yak gores you!!
* * * LOW HITPOINT WARNING * * *
You block the yak's attack. The yak gores you!
* * * LOW HITPOINT WARNING * * *
The yak barely misses you.
You riposte.
You hit the yak but do no damage. The two-headed ogre misses you.
The two-headed ogre hits you with a +0 giant spiked club!!
You die...

#.... #### #.... ....#
#######... ## #..
#........# ..# .# #
#........ ... .#[
#.......##.##.. ..H
#....OYY#y....# .H..#.#
#....Y@Y#W.##.. ..#...#
#....Y#.#s.H... .##..#
#.###.#.##.l.# #....#
#.+..#.... .H.##
#.#..##### ###W##.
#.#...../####©###..
#.#....^...........
#.....#............#÷#.
#.....#............#..÷


You could see a two-headed ogre, a moth of wrath, a hippogriff, 5 yaks, a
wyvern, a redback and Sioqy's ghost.

Vanquished Creatures
  A two-headed ogre (D:8)
  An unseen horror (D:7)
  Pikel (D:5)
  Prince Ribbit (D:5)
  2 hippogriffs
  5 yaks
  Eustachio (D:5)
  A hungry ghost (D:7)
  A basilisk (D:8)
  A soldier ant (D:7)
  Edmund (D:5)
  A water moccasin (D:7)
  4 porcupines (D:7)
  2 orc warriors (D:9)
  2 sky beasts
  An ice beast (D:8)
  A black bear (D:7)
  An eye of draining (D:7)
  2 ogres
  5 centaurs
  2 crocodiles (D:7)
  A big kobold (D:9)
  A bullfrog (D:9)
  A wyvern zombie (D:9)
  2 scorpions
  A water moccasin skeleton (D:4)
  6 howler monkeys
  An electric eel (D:8)
  2 crimson imps
  5 orc priests
  3 orc wizards
  3 hounds
  3 bullfrog skeletons (D:7)
  A gnoll shaman (D:9)
  2 jellies
  A centaur skeleton (D:8)
  An iguana (D:6)
  3 worker ants
  A killer bee zombie (D:7)
  8 gnolls
  12 adders
  3 oozes
  2 adder skeletons (D:9)
  3 worms (D:4)
  4 dart slugs
  27 orcs
  14 bats
  7 giant cockroaches
  9 hobgoblins
  17 jackals
  5 quokkas
  3 frilled lizards
  4 goblins
  9 kobolds
  2 leopard gecko skeletons
  11 rats
215 creatures vanquished.

Vanquished Creatures (others)
  An orc wizard (D:5)
  2 orcs (D:5)
  A plant (D:8)
4 creatures vanquished.

Grand Total: 219 creatures vanquished

Notes
Turn   | Place    | Note
-------+----------+-------------------------------------------
     0 | D:1      | EnegeticOcto the Octopode Fighter began the quest for the
                  | Orb.
     0 | D:1      | Reached XP level 1. HP: 16/16 MP: 1/1
    35 | D:1      | Reached XP level 2. HP: 19/21 MP: 2/2
   416 | D:1      | Reached XP level 3. HP: 26/26 MP: 3/3
   823 | D:2      | Reached skill level 3 in Long Blades
  1164 | D:2      | Found a hazy altar of Hepliaklqana.
  1273 | D:2      | You fall into a shaft and drop 1 floor!
  1283 | D:3      | Reached XP level 4. HP: 28/31 MP: 4/4
  1415 | D:3      | Found a burning altar of Makhleb.
  1417 | D:3      | Found a sacrificial altar of Ru.
  1502 | D:3      | Became a worshipper of Ru the Awakened
  1754 | D:3      | Reached XP level 5. HP: 10/37 MP: 5/5
  2028 | D:3      | Reached skill level 4 in Long Blades
  2081 | D:3      | Found a runed translucent door.
  2084 | D:3      | Noticed tevior's ghost (amateur DEAE)
  2524 | D:4      | Found a bloodstained altar of Trog.
  2599 | D:4      | Found a snail-covered altar of Cheibriados.
  2674 | D:4      | Noticed an ogre
  2692 | D:4      | Killed an ogre
  2692 | D:4      | Reached XP level 6. HP: 43/43 MP: 6/6
  2739 | D:4      | Found a radiant altar of Vehumet.
  3172 | D:4      | Reached skill level 5 in Long Blades
  3249 | D:5      | Entered Level 5 of the Dungeon
  3249 | D:5      | Noticed Prince Ribbit
  3261 | D:5      | Killed Prince Ribbit
  3261 | D:5      | Reached XP level 7. HP: 18/49 MP: 7/7
  3519 | D:5      | Reached skill level 6 in Long Blades
  3576 | D:5      | Noticed Eustachio
  3581 | D:5      | Reached skill level 5 in Shields
  3586 | D:5      | Reached skill level 5 in Fighting
  3593 | D:5      | Gained mutation: You cannot study or use magical devices.
                  | [Ru sacrifice]
  3593 | D:5      | Reached * piety under Ru
  3593 | D:5      | Reached ** piety under Ru
  3904 | D:5      | Killed Eustachio
  3904 | D:5      | Reached XP level 8. HP: 43/55 MP: 8/8
  4184 | D:5      | Noticed Edmund
  4196 | D:5      | Killed Edmund
  4196 | D:5      | Reached skill level 7 in Long Blades
  4743 | D:5      | Noticed Pikel
  4752 | D:5      | Killed Pikel
  4752 | D:5      | Reached skill level 8 in Long Blades
  4967 | D:6      | Reached XP level 9. HP: 62/62 MP: 9/9
  5473 | D:6      | Found a shattered altar of Ashenzari.
  5640 | D:6      | Found a shadowy altar of Dithmenos.
  6016 | D:6      | HP: 3/63 [poisoned by a water moccasin]
  6551 | D:7      | Reached skill level 9 in Long Blades
  6580 | D:7      | Gained mutation: You are somewhat unskilled. (-1 Apt) [Ru
                  | sacrifice]
  6580 | D:7      | Reduced skill Long Blades to level 8
  6580 | D:7      | Reached *** piety under Ru
  6580 | D:7      | Reached **** piety under Ru
  6736 | D:7      | Found an opulent altar of Gozag.
  6794 | D:7      | Found a shimmering blue altar of Sif Muna.
  6824 | D:7      | Found a staircase to the Ecumenical Temple.
  6915 | D:7      | Noticed an unseen horror
  6919 | D:7      | Killed an unseen horror
  6919 | D:7      | Reached skill level 9 in Long Blades
  7090 | D:7      | Reached XP level 10. HP: 50/69 MP: 10/10
  7597 | D:7      | Found a shimmering altar of Xom.
  7680 | D:7      | Identified a scroll of acquirement
  7680 | D:7      | Identified the ring of New Discoveries {+Inv rElec rC+
                  | Int+2} (You acquired it on level 7 of the Dungeon)
  7697 | D:8      | Found a staircase to the Lair.
  8014 | D:8      | Noticed a two-headed ogre
  8548 | D:8      | Reached skill level 10 in Long Blades
  8649 | D:8      | Killed a two-headed ogre
  9363 | D:9      | Found a transporter.
  9363 | D:9      | Noticed a moth of wrath
  9363 | D:9      | Noticed Sioqy's ghost (novice NaEn)
  9829 | D:9      | Reached XP level 11. HP: 71/77 MP: 11/11
  9890 | D:9      | Gained mutation: You are sensitive to extremes of
                  | temperature. (rF-, rC-) [Ru sacrifice]
  9890 | D:9      | Reached ***** piety under Ru
  9890 | D:9      | Reached ****** piety under Ru
  9954 | D:9      | Reached skill level 1 in Stealth
 10309 | D:9      | Noticed a two-headed ogre
 10316 | D:9      | HP: 3/77 [yak (16)]
 10316 | D:9      | Demolished by a two-headed ogre

Levels and vault maps discovered:
D:1:      dpeg_arrival_short_road, layout_rooms, minmay_pentomino_x4
D:2:      layout_basic, lemuel_doored_altar, uniq_crazy_yiuf_cottage
D:3:      layout_rooms, chequers_temple_overflow_statue_of_worship,
          ebering_ghost_inner_flame
D:4:      layout_loops_ring, kennysheep_slug_shrine, lemuel_crystal_altar,
          bloody_trog, kennysheep_generic_room_8
D:5:      layout_basic, gup_sewer_entry_glass, first_ration, minivault_5,
          corexii_shack, uniq_edmund, uniq_prince_ribbit1, uniq_eustachio,
          uniq_pikel
D:6:      layout_cave_pools, lemuel_coloured_pillars_altar,
          cheibrodos_ashenzari_chains, minmay_misc_feat_cross,
          hangedman_abyss_or_decor_passed
D:7:      minmay_blocky_corners, layout_rooms, nicolae_gozag_seed_capital,
          led_sif_pool, temple_doors_ab, grunt_ogre_cave, st_stairs_8, tgw_xom
D:8:      layout_cave_pools, minmay_lair_entry_grove, serial_park_tiny_pond,
          fungi_pond_lemuel
D:9:      layout_stronghold, gammafunk_ghost_berserking_beasts

Skill      XL: |  1  2  3  4  5  6  7  8  9 10 11 |
---------------+----------------------------------+-----
Long Blades    | 3 4 5 6 8 9 10 | 10.8
Fighting       | 4 5 6 8 |  8.1
Shields        | 4 5 6 8 |  8.1
Dodging        | 2 3 |  3.1
Stealth        | 1 |  1.5

Action                   |  1- 3 |  4- 6 |  7- 9 | 10-12 || total
-------------------------+-------+-------+-------+-------++-------
Melee: Long sword        |    75 |    81 |   205 |   126 ||   487
       Constrict         |    28 |    27 |    55 |    21 ||   131
       Tentacles         |    16 |    24 |    60 |    32 ||   132
Invok: Sacrifice Artific |       |       |     1 |       ||     1
       Power Leap        |       |       |     2 |     6 ||     8
       Sacrifice Skill   |       |       |     1 |       ||     1
       Draw Out Power    |       |       |       |     1 ||     1
       Sacrifice Resista |       |       |       |     1 ||     1
  Use: Scroll            |       |    11 |     5 |     2 ||    18
       Potion            |       |     1 |     2 |       ||     3
 Stab: Sleeping          |     7 |     7 |     2 |     8 ||    24
       Invisible         |       |       |     1 |     1 ||     2
  Eat: Chunk             |     1 |     6 |     8 |     6 ||    21
       Ration            |       |       |     2 |     1 ||     3
Armor: Skin              |     8 |     3 |    14 |     4 ||    29
Dodge: Dodged            |    24 |    40 |   109 |    44 ||   217
Block: Kite shield       |    36 |    27 |   128 |    49 ||   240
       Rpst.: Long sword |     7 |    14 |    36 |    21 ||    78

Table legend:
 A = Non-vault XP
 B = Vault XP
 C = Vault XP percentage of total XP
 D = Non-vault monster count
 E = Vault monster count
 F = Vault count percentage of total count
                 A         B        C        D         E       F
            +---------+---------+-------+---------+---------+-------
      Total |    5674 |    4336 |  43.3 |     187 |      28 |  13.0
            +---------+---------+-------+---------+---------+-------
        D:1 |      43 |       5 |  10.4 |      23 |       4 |  14.8
        D:2 |      29 |       0 |   0.0 |      13 |       0 |   0.0
        D:3 |     157 |       0 |   0.0 |      33 |       0 |   0.0
        D:4 |     530 |       4 |   0.7 |      13 |       1 |   7.1
        D:5 |     306 |    1231 |  80.1 |      19 |       5 |  20.8
        D:6 |     453 |       0 |   0.0 |      23 |       0 |   0.0
        D:7 |     870 |    2920 |  77.0 |      19 |      17 |  47.2
        D:8 |    1803 |     176 |   8.9 |      14 |       1 |   6.7
        D:9 |    1483 |       0 |   0.0 |      30 |       0 |   0.0
            +---------+---------+-------+---------+---------+-------
